 Dungeon Crawl Stone Soup version 0.29-a0-575-g0dc89cf053 (webtiles) character file.

Game seed: 5847417135293049099

309 spaghetti the Skirmisher (level 6, 0/47 HPs)
             Began as a Djinni Fighter on June 12, 2022.
             Slain by a black bear (3 damage)
             ... on level 4 of the Dungeon.
             The game lasted 00:03:19 (2696 turns).

spaghetti the Skirmisher (Djinni Fighter)           Turns: 2696, Time: 00:03:19

Health: 0/47       AC:  6    Str: 17    XL:     6   Next: 69%
Gold:   199        EV: 12    Int: 11    God:
                   SH:  5    Dex: 13

rFire   + + .      SeeInvis .   j - +1 long sword (elec) {long}
rCold   + . .      Faith    .   b - +0 buckler
rNeg    . . .      Spirit   .   v - +1 leather armour of the Boiling Point {rC++}
rPois   ∞          Reflect  .   (no helmet)
rElec   .          Harm     .   k - +0 cloak
rCorr   .          Rampage  .   q - +0 pair of gloves
Will    +....                   (boots unavailable)
Stlth   +.........              (no amulet)
HPRegen 0.95/turn               (no ring)
MPRegen 0.00/turn               (no ring)

@: flying
A: sickness immunity, fire resistance 2, cold vulnerability 1, float, innate
caster, HP casting, extra vitality 1, clever 1, strong-willed 1, regeneration 1
a: no special abilities


You were on level 4 of the Dungeon.
You visited 1 branch of the dungeon, and saw 4 of its levels.

You collected 199 gold pieces.


Innate Abilities, Weirdness & Mutations

You are immune to sickness and miasma.
You are immune to poison.
Your flesh is very heat resistant. (rF++)
You are vulnerable to cold. (rC-)
You float through the air rather than walking.
You learn spells naturally, not from books.
Your magical power is your life essence.
You have superior vitality. (+4 MHP)
Your mind is acute. (Int +2)
You are strong-willed. (Will+)
Your natural rate of healing is unusually fast.


   Skills:
 + Level 4.2 Fighting
 + Level 4.2 Armour
 + Level 3.0 Dodging
 + Level 4.2 Shields
 - Level 2.5 Unarmed Combat


You had 2 spell levels left.
You knew the following spells:

 Your Spells              Type           Power      Damage    Failure   Level
a - Foxfire               Conj/Fire      0%         2x1d4     50%         1
b - Blink                 Tloc           0%         N/A       63%         2
Your spell library was empty.

Inventory:

Hand Weapons
 d - a +0 club {mace}
   (You took it off a goblin on level 1 of the Dungeon)
 f - a +0 club {mace}
   (You took it off a goblin on level 1 of the Dungeon)
 i - a +0 club {mace}
   (You took it off a gnoll on level 1 of the Dungeon)
 j - a +1 long sword of electrocution (weapon) {long}
   (You found it on level 1 of the Dungeon)
Missiles
 e - 199 stones (quivered) {throwing}
Armour
 a - a +0 scale mail
 b - a +0 buckler (worn)
 k - a +0 cloak (worn)
   (You found it on level 2 of the Dungeon)
 q - a +0 pair of gloves (worn)
   (You found it on level 3 of the Dungeon)
 v - the +1 leather armour of the Boiling Point (worn) {rC++}
   (You found it on level 4 of the Dungeon)

   rC:        It greatly protects you from cold.
Magical Staves
 t - a staff of air {!astaff}
   (You found it on level 3 of the Dungeon)
Scrolls
 g - 6 scrolls of identify {unknown}
 h - 2 scrolls of teleportation {unknown}
 l - a scroll of noise {unknown}
 m - 2 scrolls of immolation {unknown}
 n - a scroll of enchant weapon {unknown}
 p - a scroll of enchant armour {unknown}
 s - a scroll of summoning {unknown}
Potions
 c - a potion of degeneration {unknown}
 o - a potion of lignification {unknown}
 r - 3 potions of heal wounds {unknown}
 u - a potion of curing {unknown}

Dungeon Overview and Level Annotations

Branches:
Dungeon (4/15)
 Temple: D:4-7

Altars:
The Shining One

.............. #....
##.#..........#...
.....##.............#..#
......#................#
.....................#..
#....#.............####
##..................#..#
......hJK...........#.<.
#..S@...............#
##.........#.......#.
##....#...#.....###.
#....#...#.....###.
###..##..#......###
#####.....#..## #
##########


You could see a black bear (berserk), an adder, an endoplasm and a kobold.


Message History

The black bear bites you but does no damage.
The black bear claws you but does no damage.
You block the black bear's attack. 😕 HP[-5]
You take 5 damage, and now have 42/47 hp.
You are too injured to fight recklessly!
You are too injured to fight recklessly!
You are too injured to fight recklessly!
You are too injured to fight recklessly!
You are too injured to fight recklessly!
You are too injured to fight recklessly!
You are too injured to fight recklessly!
You are too injured to fight recklessly!
You are too injured to fight recklessly!
You are too injured to fight recklessly!
You are too injured to fight recklessly!
You are too injured to fight recklessly!
You are too injured to fight recklessly!
You are too injured to fight recklessly!
You are too injured to fight recklessly!
You are too injured to fight recklessly!
Unknown command.
Unknown command.
The adder hisses angrily.
You hit the black bear. The endoplasm barely misses you.
The black bear closely misses you. x2; The black bear barely misses you. 😕 HP[+2]
You regained 2 hp, and now have 44/47 hp.
You hit the black bear but do no damage.
The endoplasm completely misses you.
The black bear bites you but does no damage.
You block the black bear's attack. The black bear claws you.
The endoplasm barely misses you. The black bear closely misses you.
The black bear misses you.
The black bear claws you but does no damage.
The kobold misses you. 😕 HP[-3]
You take 3 damage, and now have 41/47 hp.
You closely miss the black bear. The endoplasm freezes you.
You are frozen.
You resist. The kobold hits you but does no damage. The black bear bites you.
The black bear claws you. x2 😕 HP[-5]
You take 5 damage, and now have 36/47 hp.
You barely miss the black bear. The adder barely misses you.
The endoplasm barely misses you. The kobold hits you with a +0 whip.
The black bear bites you but does no damage.
The black bear claws you but does no damage.
You block the black bear's attack. The adder bites you but does no damage.
You slash the black bear! The endoplasm freezes you.
You are frozen.
You resist. The kobold barely misses you.
The black bear bites you but does no damage.
The black bear misses you.
The black bear claws you but does no damage.
The adder bites you. The kobold hits you with a +0 whip.
The endoplasm freezes you.
You are frozen.
You resist.
The black bear goes berserk!
You block the adder's attack. 😮 HP[-3]
You take 3 damage, and now have 33/47 hp.
Unknown command.
You closely miss the black bear. The black bear closely misses you. x2
The black bear barely misses you.
The endoplasm hits you but does no damage.
You block the adder's attack. The kobold closely misses you.
The black bear misses you. The black bear claws you. x2 😮 HP[-1]
You take 1 damage, and now have 32/47 hp.
You hit the black bear. The black bear bites you!
* * * LOW HITPOINT WARNING * * *
The black bear claws you.
* * * LOW HITPOINT WARNING * * *
The black bear claws you but does no damage.
The adder bites you but does no damage. The endoplasm completely misses you.
The kobold hits you but does no damage. The black bear barely misses you.
The black bear closely misses you. The black bear barely misses you.
The adder misses you. The kobold hits you but does no damage.
The endoplasm freezes you.
You are frozen.
You resist. 😨 HP[-13]
You take 13 damage, and now have 19/47 hp.
MASSIVE DAMAGE!! (PAUSE) Unknown command.
Unknown command.
You hit the black bear. The black bear bites you!
* * * LOW HITPOINT WARNING * * *
The black bear claws you.
* * * LOW HITPOINT WARNING * * *
The black bear claws you.
* * * LOW HITPOINT WARNING * * *
The adder bites you but does no damage.
The black bear bites you but does no damage.
You block the black bear's attack. The black bear closely misses you.
The endoplasm closely misses you. The kobold barely misses you.
The adder bites you but does no damage.
The black bear bites you but does no damage.
The black bear closely misses you. The black bear claws you.
You die...

Skill      XL: |  1  2  3  4  5  6 |
---------------+-------------------+-----
Dodging        | 1 2 3 |  3.0
Fighting       | 4 |  4.2
Armour         | 4 |  4.2
Shields        | 4 |  4.2
Unarmed Combat | |  2.5

Action                   |  1- 3 |  4- 6 || total
-------------------------+-------+-------++-------
Melee: Unarmed           |    35 |       ||    35
       Long sword        |    41 |    70 ||   111
Throw: Stone             |    10 |     1 ||    11
 Cast: Foxfire           |     1 |       ||     1
  Use: Potion            |     1 |     2 ||     3
Armor: Scale mail        |    29 |    34 ||    63
       Leather armour    |       |    26 ||    26
Dodge: Dodged            |    43 |    74 ||   117
Block: Buckler           |    30 |    19 ||    49

Levels and vault maps discovered:
D:1:      kb_arrival_jail, layout_rooms, minmay_misc_feat_cross
D:2:      layout_basic, shapermc_ecumenical_altar_pompeii, basic_altar,
          uniq_natasha, uniq_robin, uniq_sigmund
D:3:      layout_loops_corners, minmay_pentomino_pile
D:4:      layout_cave_pools, kennysheep_generic_room_6

Notes
Turn   | Place    | Note
-------+----------+-------------------------------------------
     0 | D:1      | spaghetti the Djinni Fighter began the quest for the Orb.
     0 | D:1      | Reached XP level 1. HP: 20/20 MP: 0/0
     0 | D:1      | magus.rc [v1.9.6]
     2 | D:1      | Noticed a felid
     2 | D:1      | Noticed a merfolk
     4 | D:1      | Noticed a demigod
     4 | D:1      | Noticed a gargoyle
     6 | D:1      | Noticed a troll
     8 | D:1      | Noticed a human
     8 | D:1      | Noticed a draconian
    10 | D:1      | Noticed a formicid
    12 | D:1      | Noticed an octopode
    14 | D:1      | Noticed a ghoul
    14 | D:1      | Noticed a demonspawn
    16 | D:1      | Noticed a minotaur
    16 | D:1      | Noticed a dwarf
    18 | D:1      | Noticed a tengu
    18 | D:1      | Noticed an elf
    20 | D:1      | Noticed a spriggan
    20 | D:1      | Noticed a vampire
    22 | D:1      | Noticed a naga
    24 | D:1      | Noticed a vine stalker
    24 | D:1      | Noticed an ogre
    50 | D:1      | Reached XP level 2. HP: 13/25 MP: 0/0
   326 | D:1      | Reached XP level 3. HP: 16/30 MP: 0/0
   326 | D:1      | Learned a level 1 spell: Foxfire
   919 | D:2      | Found a faded altar of an unknown god.
   969 | D:2      | Reached skill level 1 in Dodging
  1031 | D:2      | Found a glowing golden altar of the Shining One.
  1100 | D:2      | Noticed Robin
  1110 | D:2      | Reached XP level 4. HP: 18/35 MP: 0/0
  1115 | D:2      | HP: 8/35 [Robin/+0 spear (2)]
  1116 | D:2      | HP: 2/35 [goblin/+0 club[Robin] (6)]
  1118 | D:2      | Gained mutation: You are strong-willed. (Will+) [potion of
                  | mutation]
  1118 | D:2      | Gained mutation: Your natural rate of healing is unusually
                  | fast. [potion of mutation]
  1118 | D:2      | Gained mutation: Your mind is acute. (Int +2) [potion of
                  | mutation]
  1123 | D:2      | Killed Robin
  1460 | D:2      | Noticed Sigmund
  1472 | D:2      | Killed Sigmund
  1473 | D:2      | Reached skill level 4 in Fighting
  1473 | D:2      | Reached skill level 4 in Armour
  1473 | D:2      | Reached skill level 2 in Dodging
  1473 | D:2      | Reached skill level 4 in Shields
  1473 | D:2      | Reached XP level 5. HP: 32/41 MP: 0/0
  1473 | D:2      | Learned a level 2 spell: Blink
  1473 | D:2      | Reached XP level 6. HP: 37/47 MP: 0/0
  1539 | D:2      | Noticed Natasha
  1547 | D:2      | Killed Natasha
  1619 | D:2      | Noticed Natasha
  1625 | D:2      | Killed Natasha
  2626 | D:4      | Reached skill level 3 in Dodging
  2636 | D:4      | Identified the +1 leather armour of the Boiling Point
                  | {rC++}
  2680 | D:4      | Noticed a black bear
  2696 | D:4      | HP: 10/47 [black bear (11)]
  2696 | D:4      | HP: 3/47 [black bear (3)]
  2696 | D:4      | Slain by a black bear

Vanquished Creatures
  Sigmund (D:2)
  Natasha (twice) (D:2)
  Robin (D:2)
  A gnoll (D:1)
  An adder (D:2)
  2 worms (D:3)
  A dart slug (D:1)
  2 bats
  6 endoplasms
  2 giant cockroaches (D:1)
  13 goblins
  5 hobgoblins
  A quokka (D:2)
  4 ball pythons
  A frilled lizard (D:1)
  3 kobolds (D:2)
  3 rats
49 creatures vanquished.

Vanquished Creatures (others)
  2 foxfires (D:1)
2 creatures vanquished.

Grand Total: 51 creatures vanquished

Table legend:
 A = Non-vault XP
 B = Vault XP
 C = Vault XP percentage of total XP
 D = Non-vault monster count
 E = Vault monster count
 F = Vault count percentage of total count
                 A         B        C        D         E       F
            +---------+---------+-------+---------+---------+-------
      Total |     124 |     318 |  71.9 |      33 |      16 |  32.7
            +---------+---------+-------+---------+---------+-------
        D:1 |      37 |       0 |   0.0 |      12 |       0 |   0.0
        D:2 |      71 |     316 |  81.7 |      15 |      14 |  48.3
        D:3 |      11 |       2 |  15.4 |       3 |       2 |  40.0
        D:4 |       5 |       0 |   0.0 |       3 |       0 |   0.0
            +---------+---------+-------+---------+---------+-------

Illustrated notes

Table legend:
 A = Kills in this place as a percentage of kills in entire the game.
 B = Kills by you in this place as a percentage of kills by you in the entire game.
 C = Kills by friends in this place as a percentage of kills by friends in the entire game.
 D = Other kills in this place as a percentage of other kills in the entire game.
 E = Experience gained in this place as a percentage of experience gained in the entire game.
 F = Experience gained in this place divided by the number of levels of this place that you have seen.
                   A       B       C       D       E      F
               +-------+-------+-------+-------+-------+----------------------
         Total | 100.0 | 100.0 |   N/A |   N/A | 100.0 | 110.5
       Dungeon | 100.0 | 100.0 |   N/A |   N/A | 100.0 | 110.5
               +-------+-------+-------+-------+-------+----------------------

Table legend: (Time is in decaauts)
 A = Elapsed time spent in this place.
 B = Non-inter-level travel time spent in this place.
 C = Inter-level travel time spent in this place.
 D = Time resting spent in this place.
 E = Time spent auto-exploring this place.
 F = Levels seen in this place.
 G = Mean time per level.
                   A        B        C        D        E       F      G
               +--------+--------+--------+--------+--------+-----+--------+
         Total |   2744 |   2595 |    149 |     31 |   2169 |   4 |  686.0 |
       Dungeon |   2744 |   2595 |    149 |     31 |   2169 |   4 |  686.0 |
               +--------+--------+--------+--------+--------+-----+--------+

Top non-repeatable levels by time:
     D:2: 920 daAuts
     D:3: 872 daAuts
     D:1: 866 daAuts
     D:4: 85 daAuts
